[Event "Live Chess"]
[Site "Chess.com"]
[Date "2010.12.02"]
[Round "-"]
[White "hipposcottimus"]
[Black "AndrewArcilla"]
[Result "1-0"]
[CurrentPosition "8/p5p1/3k4/1R4p1/B7/1Pb1KP2/P2rR3/3N4 b - -"]
[Timezone "UTC"]
[ECO "B01"]
[ECOUrl "https://www.chess.com/openings/Scandinavian-Defense-Mieses-Kotrc-Variation-3.Nc3"]
[UTCDate "2010.12.02"]
[UTCTime "01:56:34"]
[WhiteElo "1706"]
[BlackElo "1714"]
[TimeControl "60"]
[Termination "hipposcottimus won on time"]
[StartTime "01:56:34"]
[EndDate "2010.12.02"]
[EndTime "01:58:51"]
[Link "https://www.chess.com/game/live/73174579"]

1. e4 d5 2. exd5 Qxd5 3. Nc3 Qe6+ 4. Be2 Qg6 5. Bf3 Bf5 6. Nge2 Bxc2 7. Nf4 Bxd1 8. Nxg6 hxg6 9. Nxd1 Nc6 10. O-O Rd8 11. Re1 Rd4 12. b3 Rdh4 13. Bb2 Rxh2 14. Kf1 Rh1+ 15. Ke2 e6 16. g3 Nf6 17. Bxh1 Ne4 18. Bxe4 Ne5 19. Bxb7 Ng4 20. f3 Rh2+ 21. Kd3 Ne5+ 22. Bxe5 f6 23. Bxc7 Bb4 24. Bf4 g5 25. Be3 f5 26. Re2 Rh1 27. Rc1 f4 28. Bf2 fxg3 29. Re1 Rh2 30. Bxg3 Rxd2+ 31. Ke3 e5 32. Bc6+ Ke7 33. Bxe5 Ke6 34. Ba4 Kxe5 35. Rc5+ Kd6 36. Rb5 Bc3 37. Re2 1-0

[Event "Live Chess"]
[Site "Chess.com"]
[Date "2010.12.02"]
[Round "-"]
[White "hipposcottimus"]
[Black "Pasachhe"]
[Result "1-0"]
[CurrentPosition "6k1/8/p4p2/6p1/8/3q2P1/P4PRK/2qr4 b - -"]
[Timezone "UTC"]
[ECO "C41"]
[ECOUrl "https://www.chess.com/openings/Philidor-Defense-3.Bc4-Be7-4.d4"]
[UTCDate "2010.12.02"]
[UTCTime "01:53:15"]
[WhiteElo "1697"]
[BlackElo "1583"]
[TimeControl "60"]
[Termination "hipposcottimus won on time"]
[StartTime "01:53:15"]
[EndDate "2010.12.02"]
[EndTime "01:55:36"]
[Link "https://www.chess.com/game/live/73173868"]

1. e4 e5 2. Nf3 d6 3. Bc4 Be7 4. d4 h6 5. dxe5 dxe5 6. Nc3 Bf6 7. Nd5 Nd7 8. O-O Ne7 9. b3 Nxd5 10. Bxd5 c6 11. Bc4 O-O 12. Bd3 Nc5 13. Bb2 Nxd3 14. cxd3 Bg4 15. Qe2 Bxf3 16. Qxf3 Be7 17. Bxe5 f6 18. Bf4 Bd6 19. Qg3 Bxf4 20. Qxf4 Qe7 21. Rae1 Rad8 22. Re3 Qd7 23. Rd1 Qe7 24. Rg3 g5 25. Qh4 Qg7 26. Qg4 Rd7 27. h4 Rfd8 28. hxg5 hxg5 29. Rh3 b6 30. Qf5 a6 31. Rf3 Rd6 32. Qg4 c5 33. Rf5 b5 34. Rd2 c4 35. bxc4 bxc4 36. Rd1 c3 37. Rd5 Rxd5 38. exd5 Rxd5 39. Qf3 Qd7 40. Rc1 Rxd3 41. Qf5 Qxf5 42. Rf1 Rd1 43. Kh2 Qc2 44. Rh1 Qd3 45. g3 c2 46. Rg1 c1=Q 47. Rg2 1-0

[Event "Live Chess"]
[Site "Chess.com"]
[Date "2010.12.02"]
[Round "-"]
[White "hipposcottimus"]
[Black "cool1000"]
[Result "1-0"]
[CurrentPosition "r4r2/pp1Qk1p1/n1p4p/8/N1b1P1N1/1P6/P1P3PP/R2R3K b - -"]
[Timezone "UTC"]
[ECO "C40"]
[ECOUrl "https://www.chess.com/openings/Kings-Pawn-Opening-Kings-Knight-Busch-Gass-Gambit"]
[UTCDate "2010.12.02"]
[UTCTime "01:50:45"]
[WhiteElo "1691"]
[BlackElo "1508"]
[TimeControl "60"]
[Termination "hipposcottimus won by checkmate"]
[StartTime "01:50:45"]
[EndDate "2010.12.02"]
[EndTime "01:52:34"]
[Link "https://www.chess.com/game/live/73173328"]

1. e4 e5 2. Nf3 Bc5 3. Bc4 Bxf2+ 4. Kxf2 d6 5. Rf1 c6 6. Kg1 Nf6 7. Kh1 Ng4 8. d4 Qf6 9. dxe5 dxe5 10. Bg5 Qg6 11. Qd2 h6 12. Rd1 Qxg5 13. Nxg5 Ke7 14. Nxf7 Rf8 15. Nc3 Be6 16. Nxe5 Bxc4 17. Nxg4 Na6 18. Na4 Nb4 19. b3 Na6 20. Qd7# 1-0

[Event "Live Chess"]
[Site "Chess.com"]
[Date "2010.12.02"]
[Round "-"]
[White "cool1000"]
[Black "hipposcottimus"]
[Result "1-0"]
[CurrentPosition "5bk1/8/7p/8/4PQ2/2P5/PP3PPP/R4RK1 w - -"]
[Timezone "UTC"]
[ECO "C24"]
[ECOUrl "https://www.chess.com/openings/Bishops-Opening-Berlin-Defense"]
[UTCDate "2010.12.02"]
[UTCTime "01:48:48"]
[WhiteElo "1512"]
[BlackElo "1687"]
[TimeControl "60"]
[Termination "cool1000 won by resignation"]
[StartTime "01:48:48"]
[EndDate "2010.12.02"]
[EndTime "01:50:15"]
[Link "https://www.chess.com/game/live/73172817"]

1. e4 e5 2. Bc4 Nf6 3. Bxf7+ Kxf7 4. d3 d6 5. c3 Be7 6. Nf3 Rf8 7. Qb3+ Be6 8. Ng5+ Kg8 9. Nxe6 Qe8 10. Nxf8+ Kh8 11. Qxb7 Qxf8 12. Qxa8 Kg8 13. Qxa7 d5 14. Qxc7 Ng4 15. O-O dxe4 16. dxe4 Nf6 17. Qxe5 Bd6 18. Qe6+ Kh8 19. Bg5 Be7 20. Bxf6 Bxf6 21. Nd2 Be7 22. Nf3 h6 23. Ne5 g6 24. Nxg6+ Kg7 25. Nxf8 Kxf8 26. Qc8+ Kf7 27. Qxb8 Bf8 28. Qf4+ Kg8 1-0

[Event "Live Chess"]
[Site "Chess.com"]
[Date "2010.12.02"]
[Round "-"]
[White "Vilenima"]
[Black "hipposcottimus"]
[Result "0-1"]
[CurrentPosition "1k5r/pp1B1ppp/3p1b2/3PpP2/1P2P1PP/2r3q1/7K/6NR w - -"]
[Timezone "UTC"]
[ECO "B00"]
[ECOUrl "https://www.chess.com/openings/Nimzowitsch-Defense-Kennedy-Variation"]
[UTCDate "2010.12.02"]
[UTCTime "01:43:12"]
[WhiteElo "1657"]
[BlackElo "1698"]
[TimeControl "60"]
[Termination "hipposcottimus won by checkmate"]
[StartTime "01:43:12"]
[EndDate "2010.12.02"]
[EndTime "01:44:54"]
[Link "https://www.chess.com/game/live/73171808"]

1. e4 e5 2. d4 Nc6 3. d5 Nce7 4. c4 d6 5. Nc3 c6 6. f4 cxd5 7. cxd5 Ng6 8. f5 Nf4 9. g3 Nh5 10. Qxh5 Nf6 11. Qd1 Be7 12. Bg5 Bd7 13. g4 Qa5 14. Bxf6 Bxf6 15. Qc2 O-O-O 16. h4 Kb8 17. a3 Rc8 18. Qa4 Bxa4 19. b4 Qa6 20. Rc1 Bb5 21. Bxb5 Qxa3 22. Bd7 Qxc1+ 23. Kf2 Rxc3 24. Kg2 Qe3 25. Kh2 Qg3# 0-1

[Event "Live Chess"]
[Site "Chess.com"]
[Date "2010.12.02"]
[Round "-"]
[White "hipposcottimus"]
[Black "Vilenima"]
[Result "0-1"]
[CurrentPosition "8/5p2/2r1pkp1/7p/8/3R2PK/7r/6b1 w - -"]
[Timezone "UTC"]
[ECO "B30"]
[ECOUrl "https://www.chess.com/openings/Sicilian-Defense-Nyezhmetdinov-Rossolimo-Attack-3...a6-4.Bxc6-bxc6"]
[UTCDate "2010.12.02"]
[UTCTime "01:41:01"]
[WhiteElo "1691"]
[BlackElo "1664"]
[TimeControl "60"]
[Termination "Vilenima won by checkmate"]
[StartTime "01:41:01"]
[EndDate "2010.12.02"]
[EndTime "01:42:58"]
[Link "https://www.chess.com/game/live/73171331"]

1. e4 c5 2. Nf3 Nc6 3. Bb5 a6 4. Bxc6 bxc6 5. c4 Nf6 6. d3 d5 7. Nc3 dxc4 8. b3 Qxd3 9. bxc4 Qxd1+ 10. Nxd1 Nxe4 11. O-O Bg4 12. Ne5 Bxd1 13. Rxd1 Nc3 14. Nxc6 Nxd1 15. Ba3 Nc3 16. Bxc5 Rc8 17. Rc1 Rxc6 18. Rxc3 Rxc5 19. Rb3 e6 20. Rb8+ Ke7 21. a4 Kf6 22. Rb6 g6 23. Rxa6 Be7 24. g3 Rhc8 25. a5 Rxc4 26. Kg2 R8c6 27. Ra7 Bb4 28. a6 Bc5 29. Ra8 Ra4 30. Rh8 h5 31. Rh7 Raxa6 32. Rh8 Ra2 33. Rd8 Bxf2 34. Kh3 Bg1 35. Rd3 Rxh2# 0-1

[Event "Live Chess"]
[Site "Chess.com"]
[Date "2010.12.02"]
[Round "-"]
[White "hipposcottimus"]
[Black "sfochris2008"]
[Result "1-0"]
[CurrentPosition "r5k1/p6q/1p1p1Rpp/2p4n/6QN/8/P5PP/4R1K1 b - -"]
[Timezone "UTC"]
[ECO "C51"]
[ECOUrl "https://www.chess.com/openings/Giuoco-Piano-Game-Evans-Accepted-McDonnell-Defense-6.O-O-d6-7.d4-exd4"]
[UTCDate "2010.12.02"]
[UTCTime "01:36:49"]
[WhiteElo "1700"]
[BlackElo "1590"]
[TimeControl "60"]
[Termination "hipposcottimus won on time"]
[StartTime "01:36:49"]
[EndDate "2010.12.02"]
[EndTime "01:39:00"]
[Link "https://www.chess.com/game/live/73170431"]

1. e4 e5 2. Nf3 Nc6 3. Bc4 Bc5 4. b4 Bxb4 5. c3 Bc5 6. O-O d6 7. d4 exd4 8. cxd4 Bb4 9. Nc3 Bxc3 10. Rb1 Nge7 11. Bd2 Bxd2 12. Qxd2 O-O 13. Qc3 Be6 14. d5 Bxd5 15. exd5 Ne5 16. Bd3 Nxd3 17. Qxd3 Qd7 18. Ng5 Qf5 19. Qg3 h6 20. Rbe1 Nxd5 21. Nf3 Nf6 22. Nd4 Qh7 23. f4 c5 24. Nf3 b6 25. f5 Nh5 26. Qg4 g6 27. fxg6 fxg6 28. Nh4 Rf6 29. Rxf6 1-0

[Event "Live Chess"]
[Site "Chess.com"]
[Date "2010.12.02"]
[Round "-"]
[White "metri"]
[Black "hipposcottimus"]
[Result "1-0"]
[CurrentPosition "8/4R3/6p1/6pk/3Q4/8/PPP2PPP/6K1 w - -"]
[Timezone "UTC"]
[ECO "C45"]
[ECOUrl "https://www.chess.com/openings/Scotch-Game"]
[UTCDate "2010.12.02"]
[UTCTime "01:34:32"]
[WhiteElo "1697"]
[BlackElo "1694"]
[TimeControl "60"]
[Termination "metri won by resignation"]
[StartTime "01:34:32"]
[EndDate "2010.12.02"]
[EndTime "01:36:07"]
[Link "https://www.chess.com/game/live/73169975"]

1. e4 e5 2. Nf3 Nc6 3. d4 Nf6 4. dxe5 Nxe4 5. Bd3 d5 6. exd6 Nxd6 7. Qe2+ Be6 8. O-O Be7 9. Nc3 O-O 10. Bf4 Bf6 11. Rad1 Nd4 12. Nxd4 Bxd4 13. Be3 Bf6 14. Bc5 Re8 15. Bxd6 Qxd6 16. Bxh7+ Kxh7 17. Rxd6 cxd6 18. Qd3+ Kg8 19. Qxd6 Rad8 20. Qc7 Bd5 21. Nxd5 Be5 22. Ne7+ Kh8 23. Qxe5 Rd7 24. Ng6+ fxg6 25. Qxe8+ Kh7 26. Qxd7 Kh6 27. Qxb7 g5 28. Qxa7 g6 29. Re1 Kh5 30. Re7 Kg4 31. Qd4+ Kh5 1-0

[Event "Live Chess"]
[Site "Chess.com"]
[Date "2010.12.02"]
[Round "-"]
[White "hipposcottimus"]
[Black "metri"]
[Result "1-0"]
[CurrentPosition "1k2r3/pp1r3p/2p2pp1/8/2P5/1P1P4/P5KP/6R1 b - -"]
[Timezone "UTC"]
[ECO "B30"]
[ECOUrl "https://www.chess.com/openings/Sicilian-Defense-Nyezhmetdinov-Rossolimo-Attack-3...Nf6-4.Bxc6-dxc6"]
[UTCDate "2010.12.02"]
[UTCTime "01:32:22"]
[WhiteElo "1702"]
[BlackElo "1689"]
[TimeControl "60"]
[Termination "hipposcottimus won on time"]
[StartTime "01:32:22"]
[EndDate "2010.12.02"]
[EndTime "01:34:16"]
[Link "https://www.chess.com/game/live/73169530"]

1. e4 c5 2. Nf3 Nc6 3. Bb5 Nf6 4. Bxc6 dxc6 5. e5 Nd5 6. d3 Qc7 7. c4 Nb4 8. Nc3 Bg4 9. Be3 Bxf3 10. Qxf3 Qxe5 11. O-O Nc2 12. Bf4 Qf6 13. Rac1 Nd4 14. Qe4 g6 15. Rce1 Bg7 16. Be5 Qe6 17. Bxg7 Rg8 18. Be5 O-O-O 19. Qf4 f6 20. Bb8 Qd7 21. Na4 e5 22. Nxc5 exf4 23. Nxd7 Rxd7 24. Re4 Kxb8 25. Rfe1 f3 26. b3 fxg2 27. f3 Nxf3+ 28. Kf2 Nxe1 29. Rxe1 Rf8 30. Rg1 Re8 31. Kxg2 1-0

[Event "Live Chess"]
[Site "Chess.com"]
[Date "2010.12.02"]
[Round "-"]
[White "MrLim"]
[Black "hipposcottimus"]
[Result "1-0"]
[CurrentPosition "4R1k1/p4ppp/6b1/3p4/P7/2P5/3B3P/2K5 b - -"]
[Timezone "UTC"]
[ECO "D10"]
[ECOUrl "https://www.chess.com/openings/Slav-Defense-3.Nc3"]
[UTCDate "2010.12.02"]
[UTCTime "01:30:24"]
[WhiteElo "1371"]
[BlackElo "1694"]
[TimeControl "60"]
[Termination "MrLim won by checkmate"]
[StartTime "01:30:24"]
[EndDate "2010.12.02"]
[EndTime "01:31:43"]
[Link "https://www.chess.com/game/live/73169067"]

1. d4 d5 2. c4 c6 3. Nc3 Nd7 4. Nf3 e6 5. e3 Ngf6 6. c5 b6 7. Ne5 bxc5 8. dxc5 Nxc5 9. Qa4 Bd7 10. Qf4 Bd6 11. Nxc6 Bxf4 12. Nxd8 Rxd8 13. exf4 Nce4 14. f3 Nxc3 15. bxc3 Rc8 16. Bd2 O-O 17. O-O-O Rfe8 18. a4 e5 19. f5 e4 20. Be2 Bxf5 21. fxe4 Bxe4 22. Rhf1 Bg6 23. Bd3 Ne4 24. Bxe4 Bxe4 25. Rde1 Bxg2 26. Rxe8+ Rxe8 27. Rg1 Be4 28. Re1 Bg6 29. Rxe8# 1-0

[Event "Live Chess"]
[Site "Chess.com"]
[Date "2010.12.02"]
[Round "-"]
[White "hipposcottimus"]
[Black "jokerman17"]
[Result "0-1"]
[CurrentPosition "r7/5R2/pQ2b2p/4kpp1/2P5/8/P4PPP/3r2K1 w - -"]
[Timezone "UTC"]
[ECO "B20"]
[ECOUrl "https://www.chess.com/openings/Sicilian-Defense"]
[UTCDate "2010.12.02"]
[UTCTime "01:27:54"]
[WhiteElo "1707"]
[BlackElo "1914"]
[TimeControl "60"]
[Termination "jokerman17 won by checkmate"]
[StartTime "01:27:54"]
[EndDate "2010.12.02"]
[EndTime "01:29:47"]
[Link "https://www.chess.com/game/live/73168515"]

1. e4 c5 2. Bb5 a6 3. Be2 d6 4. Nf3 Nf6 5. c4 g6 6. d3 Bg7 7. Nc3 O-O 8. Bd2 Nc6 9. O-O e6 10. Re1 Bd7 11. d4 cxd4 12. e5 dxe5 13. Nb1 e4 14. Ng5 d3 15. Bf1 h6 16. Nxe4 Nxe4 17. Rxe4 Bxb2 18. Re3 Bxa1 19. Rxd3 Qc7 20. Nc3 Bxc3 21. Bxc3 Rfd8 22. Rf3 Ne5 23. Rf6 g5 24. Bxe5 Qxe5 25. Qf3 Kg7 26. Rxf7+ Kg6 27. Bd3+ Qf5 28. Bxf5+ exf5 29. Qxb7 Be6 30. Rg7+ Kf6 31. Rf7+ Ke5 32. Qb6 Rd1# 0-1

[Event "Live Chess"]
[Site "Chess.com"]
[Date "2010.12.02"]
[Round "-"]
[White "mrave"]
[Black "hipposcottimus"]
[Result "0-1"]
[CurrentPosition "8/8/3p1p2/2p2P2/p1P2P2/P1P1KBk1/8/8 w - -"]
[Timezone "UTC"]
[ECO "C47"]
[ECOUrl "https://www.chess.com/openings/Four-Knights-Game-Scotch-Oxford-Gambit"]
[UTCDate "2010.12.02"]
[UTCTime "01:25:14"]
[WhiteElo "2003"]
[BlackElo "1707"]
[TimeControl "60"]
[Termination "hipposcottimus won on time"]
[StartTime "01:25:14"]
[EndDate "2010.12.02"]
[EndTime "01:27:31"]
[Link "https://www.chess.com/game/live/73167928"]

1. e4 e5 2. Nf3 Nc6 3. Nc3 Nf6 4. d4 Bb4 5. d5 Nd4 6. Nxd4 Bxc3+ 7. bxc3 exd4 8. Qxd4 d6 9. Bg5 c5 10. dxc6 bxc6 11. Bxf6 gxf6 12. c4 Be6 13. Bd3 c5 14. Qe3 Qa5+ 15. Qd2 Qxd2+ 16. Kxd2 Rb8 17. Rab1 Ke7 18. Rb3 a5 19. Rhb1 Ra8 20. Rb7+ Kf8 21. f4 Kg7 22. g3 a4 23. a3 f5 24. Ke3 h5 25. exf5 Bc8 26. Rb8 Rxb8 27. Rxb8 Bd7 28. Rxh8 Kxh8 29. c3 Kg7 30. Be4 Kf6 31. Kf3 Kg7 32. h3 f6 33. g4 Kh6 34. h4 hxg4+ 35. Kxg4 Be8 36. Bd5 Bh5+ 37. Kg3 Be2 38. Be6 Bh5 39. Kf2 Be8 40. Ke3 Bc6 41. Bd5 Kh5 42. Bxc6 Kxh4 43. Bf3 Kg3 0-1

[Event "Live Chess"]
[Site "Chess.com"]
[Date "2010.12.02"]
[Round "-"]
[White "hipposcottimus"]
[Black "JohnnyBWizer"]
[Result "0-1"]
[CurrentPosition "2Q2nk1/1p3pp1/p6p/8/1P2qPP1/5N2/r6P/5RK1 w - -"]
[Timezone "UTC"]
[ECO "C62"]
[ECOUrl "https://www.chess.com/openings/Ruy-Lopez-Opening-Old-Steinitz-Defense-4.d4-exd4-5.Qxd4"]
[UTCDate "2010.12.02"]
[UTCTime "00:51:26"]
[WhiteElo "1365"]
[BlackElo "1384"]
[TimeControl "720+3"]
[Termination "JohnnyBWizer won on time"]
[StartTime "00:51:26"]
[EndDate "2010.12.02"]
[EndTime "01:13:41"]
[Link "https://www.chess.com/game/live/73160376"]

1. e4 e5 2. Nf3 d6 3. d4 exd4 4. Qxd4 Nc6 5. Bb5 Bd7 6. Bxc6 Bxc6 7. c4 Nf6 8. Nc3 a6 9. Bg5 Be7 10. O-O h6 11. Bh4 O-O 12. Nd5 Bxd5 13. cxd5 Nh7 14. Bg3 Bf6 15. e5 dxe5 16. Bxe5 Bxe5 17. Nxe5 Re8 18. f4 Qd6 19. b4 c6 20. Rad1 Qf6 21. Qc5 Rad8 22. d6 Nf8 23. d7 Re7 24. Rd6 Qf5 25. g4 Qe4 26. Rxc6 Rexd7 27. Rc8 Rd5 28. Qc7 Rxc8 29. Qxc8 Rd2 30. Nf3 Rxa2 0-1

[Event "Live Chess"]
[Site "Chess.com"]
[Date "2010.12.02"]
[Round "-"]
[White "hipposcottimus"]
[Black "TARGET7"]
[Result "0-1"]
[CurrentPosition "2k3r1/2p5/p6r/1p6/4B2K/7P/6P1/2R5 w - -"]
[Timezone "UTC"]
[ECO "B06"]
[ECOUrl "https://www.chess.com/openings/Modern-Defense-with-1-e4"]
[UTCDate "2010.12.02"]
[UTCTime "00:01:35"]
[WhiteElo "1707"]
[BlackElo "1616"]
[TimeControl "60"]
[Termination "TARGET7 won by checkmate"]
[StartTime "00:01:35"]
[EndDate "2010.12.02"]
[EndTime "00:03:47"]
[Link "https://www.chess.com/game/live/73149626"]

1. e4 g6 2. e5 Bg7 3. d4 d6 4. f4 dxe5 5. fxe5 Nc6 6. Nf3 Bg4 7. Bf4 Bxf3 8. Qxf3 Nxd4 9. Qd3 Nf5 10. c3 Qxd3 11. Bxd3 O-O-O 12. Bc4 e6 13. Bb3 Nge7 14. O-O Nc6 15. Nd2 h6 16. Nc4 g5 17. Bd2 a6 18. Be1 b5 19. Nd2 Nxe5 20. Nf3 Nd3 21. Bf2 Nxb2 22. Rab1 Nd3 23. Bc2 Nxf2 24. Rxf2 Bxc3 25. Be4 Nd4 26. Rc1 Nxf3+ 27. Bxf3 Bd4 28. Kf1 Bxf2 29. Kxf2 Rd2+ 30. Kg3 Rhd8 31. Ba8 h5 32. Bf3 f6 33. h3 h4+ 34. Kg4 R2d4+ 35. Kh5 Rh8+ 36. Kg6 f5 37. Kf6 e5 38. Kxf5 e4 39. Bxe4 Rf8+ 40. Ke5 Rfd8 41. Kf5 R4d6 42. Kg4 Rd2 43. Kxg5 Rxa2 44. Kf5 Rad2 45. Kf6 R2d6+ 46. Kg5 Rg8+ 47. Kxh4 Rh6# 0-1

[Event "Live Chess"]
[Site "Chess.com"]
[Date "2010.12.01"]
[Round "-"]
[White "Pasachhe"]
[Black "hipposcottimus"]
[Result "0-1"]
[CurrentPosition "1r3rk1/Nb2bppp/4pn2/8/2B2P2/P3P3/2QN2qP/1R3RK1 w - -"]
[Timezone "UTC"]
[ECO "A10"]
[ECOUrl "https://www.chess.com/openings/English-Opening-Jaenisch-Gambit"]
[UTCDate "2010.12.01"]
[UTCTime "23:03:08"]
[WhiteElo "1552"]
[BlackElo "1716"]
[TimeControl "60"]
[Termination "hipposcottimus won by checkmate"]
[StartTime "23:03:08"]
[EndDate "2010.12.01"]
[EndTime "23:04:26"]
[Link "https://www.chess.com/game/live/73136140"]

1. c4 b5 2. d3 bxc4 3. dxc4 Ba6 4. e3 c5 5. Nc3 Nc6 6. f4 Nf6 7. Be2 d6 8. Nf3 e6 9. O-O Be7 10. Bd2 O-O 11. a3 Na5 12. b4 Nxc4 13. bxc5 dxc5 14. Qb3 Nxd2 15. Nxd2 c4 16. Bxc4 Rb8 17. Qc2 Bb7 18. Rab1 Qc7 19. Nb5 Qc6 20. Nxa7 Qxg2# 0-1

[Event "Live Chess"]
[Site "Chess.com"]
[Date "2010.12.01"]
[Round "-"]
[White "Chessiskewl48"]
[Black "hipposcottimus"]
[Result "0-1"]
[CurrentPosition "3r1r2/pQp3kp/2nP2p1/3n4/8/8/PPPP2PP/RNB1q2K w - -"]
[Timezone "UTC"]
[ECO "C23"]
[ECOUrl "https://www.chess.com/openings/Bishops-Opening-2...Nc6"]
[UTCDate "2010.12.01"]
[UTCTime "23:00:55"]
[WhiteElo "1715"]
[BlackElo "1711"]
[TimeControl "60"]
[Termination "hipposcottimus won by checkmate"]
[StartTime "23:00:55"]
[EndDate "2010.12.01"]
[EndTime "23:01:59"]
[Link "https://www.chess.com/game/live/73135628"]

1. e4 e5 2. Bc4 Nc6 3. Bxf7+ Kxf7 4. Qh5+ g6 5. Qf3+ Nf6 6. Qb3+ Kg7 7. Nf3 d5 8. O-O Be6 9. Ng5 Qd6 10. Nxe6+ Qxe6 11. exd5 Nxd5 12. Qxb7 Rd8 13. Re1 Bd6 14. f4 Rhf8 15. fxe5 Qf5 16. exd6 Qf2+ 17. Kh1 Qxe1# 0-1

[Event "Live Chess"]
[Site "Chess.com"]
[Date "2010.12.01"]
[Round "-"]
[White "RazaAliSheikh"]
[Black "hipposcottimus"]
[Result "0-1"]
[CurrentPosition "3r3k/p5pp/3q4/5p2/6P1/Kp5P/P7/8 w - -"]
[Timezone "UTC"]
[ECO "A00"]
[ECOUrl "https://www.chess.com/openings/Barnes-Opening-1...e5"]
[UTCDate "2010.12.01"]
[UTCTime "22:58:24"]
[WhiteElo "1351"]
[BlackElo "1703"]
[TimeControl "60"]
[Termination "hipposcottimus won on time"]
[StartTime "22:58:24"]
[EndDate "2010.12.01"]
[EndTime "23:00:33"]
[Link "https://www.chess.com/game/live/73134978"]

1. f3 e5 2. e3 d5 3. d3 c5 4. c3 Nc6 5. f4 f5 6. fxe5 Nxe5 7. g3 Nf6 8. d4 Nc4 9. dxc5 Bxc5 10. b3 Nxe3 11. Bxe3 Bxe3 12. Ne2 Qb6 13. c4 Bf2+ 14. Kd2 Qe3+ 15. Kc2 Ne4 16. Qd3 Qc5 17. Nf4 O-O 18. Nxd5 Be6 19. Be2 Rad8 20. Nbc3 Nxc3 21. Qxc3 Bxd5 22. Rad1 Be4+ 23. Bd3 Bxd3+ 24. Rxd3 Rxd3 25. Qxd3 Bd4 26. Rd1 Rd8 27. Qf3 b5 28. Qf4 Kh8 29. g4 bxc4 30. Rxd4 cxb3+ 31. Kb2 Qxd4+ 32. Ka3 Qxf4 33. h3 Qd6+ 0-1

[Event "Live Chess"]
[Site "Chess.com"]
[Date "2010.12.01"]
[Round "-"]
[White "hipposcottimus"]
[Black "cira011"]
[Result "1-0"]
[CurrentPosition "8/8/3RK3/3PB3/1p6/1k1r4/7P/5q2 b - -"]
[Timezone "UTC"]
[ECO "B12"]
[ECOUrl "https://www.chess.com/openings/Caro-Kann-Defense-Advance-Variation"]
[UTCDate "2010.12.01"]
[UTCTime "22:54:39"]
[WhiteElo "1695"]
[BlackElo "1752"]
[TimeControl "60"]
[Termination "hipposcottimus won on time"]
[StartTime "22:54:39"]
[EndDate "2010.12.01"]
[EndTime "22:56:59"]
[Link "https://www.chess.com/game/live/73134021"]

1. e4 c6 2. d4 d5 3. e5 e6 4. f4 g6 5. Nf3 Bg7 6. c4 Ne7 7. Nc3 O-O 8. Be2 b6 9. O-O Ba6 10. b4 Bxc4 11. Bxc4 dxc4 12. Bb2 b5 13. a3 a6 14. Rc1 Nd7 15. Ng5 Nb6 16. Qg4 Nbd5 17. Qh3 h5 18. Nf3 Nf5 19. Nh4 Nxh4 20. Qxh4 Qxh4 21. g3 Qd8 22. Rcd1 a5 23. Bc1 axb4 24. axb4 Ra3 25. Bd2 Ra2 26. Nxd5 cxd5 27. f5 exf5 28. g4 fxg4 29. Bc1 Qg5 30. Bxg5 f6 31. exf6 Bxf6 32. Bxf6 Ra3 33. Be5 Rxf1+ 34. Rxf1 Rb3 35. Rf6 Rxb4 36. Rxg6+ Kf7 37. Rg5 Ke6 38. Rxh5 Rb1+ 39. Kg2 Rb2+ 40. Kg3 Rb3+ 41. Kxg4 b4 42. Rh6+ Kd7 43. Rh7+ Kc6 44. Rh6+ Kb5 45. Rd6 Ka4 46. Rxd5 Rd3 47. Rd6 c3 48. Ra6+ Kb3 49. Rd6 c2 50. Kf5 c1=Q 51. d5 Qf1+ 52. Ke6 1-0

[Event "Live Chess"]
[Site "Chess.com"]
[Date "2010.12.01"]
[Round "-"]
[White "hipposcottimus"]
[Black "paradiddle"]
[Result "1-0"]
[CurrentPosition "4Qk1r/ppN3p1/5p1p/2p1p2P/2P1P3/P2P2P1/1P6/R4RK1 b - -"]
[Timezone "UTC"]
[ECO "B30"]
[ECOUrl "https://www.chess.com/openings/Sicilian-Defense-Old-Sicilian-Variation-3.c4"]
[UTCDate "2010.12.01"]
[UTCTime "22:51:17"]
[WhiteElo "1695"]
[BlackElo "1647"]
[TimeControl "60"]
[Termination "hipposcottimus won by checkmate"]
[StartTime "22:51:17"]
[EndDate "2010.12.01"]
[EndTime "22:53:05"]
[Link "https://www.chess.com/game/live/73133170"]

1. e4 c5 2. Nf3 Nc6 3. c4 d6 4. d3 Bg4 5. Nc3 e5 6. Be2 Nf6 7. Bg5 Bxf3 8. Bxf3 h6 9. Bxf6 Qxf6 10. Nd5 Qd8 11. O-O Be7 12. Qd2 Kf8 13. Be2 Nd4 14. f4 Nxe2+ 15. Qxe2 Bh4 16. fxe5 dxe5 17. Qf3 f6 18. g3 Bg5 19. h4 Bd2 20. a3 Ba5 21. Qh5 Bc7 22. Qg6 Qe8 23. Qf5 Kf7 24. Nxc7 Qe6 25. Qxe6+ Kg6 26. Qf5+ Kf7 27. Qe6+ Kf8 28. h5 Re8 29. Qxe8# 1-0

[Event "Live Chess"]
[Site "Chess.com"]
[Date "2010.12.01"]
[Round "-"]
[White "ArtaxToothbrush"]
[Black "hipposcottimus"]
[Result "0-1"]
[CurrentPosition "5r1k/pp4pp/3Q2n1/2p1p3/3p2Pr/3P3P/PPP2q2/R4K1R w - -"]
[Timezone "UTC"]
[ECO "C20"]
[ECOUrl "https://www.chess.com/openings/Kings-Pawn-Opening-Leonardis-Variation-2...Nf6"]
[UTCDate "2010.12.01"]
[UTCTime "22:48:24"]
[WhiteElo "1796"]
[BlackElo "1688"]
[TimeControl "60"]
[Termination "hipposcottimus won by checkmate"]
[StartTime "22:48:24"]
[EndDate "2010.12.01"]
[EndTime "22:50:00"]
[Link "https://www.chess.com/game/live/73132365"]

1. e4 e5 2. d3 Nf6 3. Bg5 d5 4. Bxf6 Qxf6 5. Nf3 Bd6 6. Be2 d4 7. Nbd2 c5 8. Nc4 Nc6 9. Nxd6+ Qxd6 10. O-O O-O 11. Ng5 f5 12. exf5 Bxf5 13. Bg4 Qg6 14. Bxf5 Rxf5 15. Nf3 Rf4 16. g3 Raf8 17. Nh4 Rxh4 18. Qe2 Rh3 19. Kg2 Qh6 20. Rh1 Ne7 21. Qg4 Rh5 22. Qd7 Ng6 23. Qe6+ Kh8 24. g4 Qg5 25. Kf1 Rh4 26. h3 Qf4 27. Qd6 Qxf2# 0-1